 Dungeon Crawl Stone Soup version 0.19-a0-1041-g82b1012 (webtiles) character file.

5616 Gorice the Basher (level 10, -6/64 HPs)
             Began as a Demonspawn Venom Mage on July 30, 2016.
             Was a Priest of Sif Muna.
             Mangled by a phantasmal warrior (16 damage)
             ... led by a death knight
             ... on level 10 of the Dungeon.
             The game lasted 00:56:22 (10413 turns).

Gorice the Basher (Demonspawn Venom Mage)          Turns: 10413, Time: 00:56:24

Health: -6/64      AC:  7    Str: 14    XL:     10   Next: 45%
Magic:  0/14       EV: 11    Int: 19    God:    Sif Muna [***...]
Gold:   513        SH:  0    Dex: 14    Spells: 2 memorised, 11 levels left

rFire  . . .     SeeInvis .     a - +1 whip (elec)
rCold  . . .     Gourm    .     w - +0 ring mail
rNeg   . . .     Faith    .     (no shield)
rPois  .         Spirit   +     (helmet restricted)
rElec  .         Dismiss  .     D - +0 cloak {+Inv}
rCorr  .         Reflect  .     (no gloves)
SustAt .         Harm     .     u - +0 pair of boots
MR     .....                    G - amulet of regeneration
Stlth  +.........               r - +5 ring of strength
                                l - +3 ring of slaying

@: vulnerable, not resistant to hostile enchantments, very unstealthy
A: antennae 1, magic shield, magic regeneration, magic link
a: Divine Energy, Channel Magic, Renounce Religion, Evoke Invisibility


You were on level 10 of the Dungeon.
You worshipped Sif Muna.
Sif Muna was most pleased with you.
You were not hungry.

You visited 2 branches of the dungeon, and saw 11 of its levels.

You collected 674 gold pieces.
You spent 161 gold pieces at shops.

Inventory:

Hand Weapons
 a - a +1 whip of electrocution (weapon)
   (You took it off Pikel on level 4 of the Dungeon)
 f - a +2 hand axe of flaming
   (You took it off an orc on level 5 of the Dungeon)
 A - the +4 flail of the Snake Pit {crush, rC- Dex+2 Stlth+}
   (You bought it in a shop on level 7 of the Dungeon)

   It inflicts extra damage upon your enemies.
   It affects your dexterity (+2).
   It makes you vulnerable to cold.
   It makes you more stealthy.
 L - a +0 great mace
Missiles
 i - 6 javelins (quivered)
 n - 38 poisoned needles
 s - 95 sling bullets
 y - 2 poisoned tomahawks
 B - 7 curare-tipped needles
 Y - 3 throwing nets
 Z - 322 stones
Armour
 p - a +1 robe
 u - a +0 pair of boots (worn)
 w - a +0 ring mail (worn)
 D - a +0 cloak of invisibility (worn)
   (You took it off Crazy Yiuf on level 5 of the Dungeon)
Jewellery
 l - a +3 ring of slaying (left hand)
 r - a +5 ring of strength (right hand)
 C - an uncursed ring of positive energy
 G - an amulet of regeneration (around neck)
Wands
 e - a wand of digging (8/24)
 t - a wand of iceblast (5/15)
Scrolls
 d - a scroll of remove curse
 g - 2 scrolls of teleportation {!r}
 F - 3 scrolls of amnesia
 H - a scroll of recharging
 J - 2 scrolls of enchant weapon
 P - 2 scrolls of noise {!r}
Potions
 h - 2 potions of flight
 j - 3 potions of lignification {!q}
 k - a potion of resistance {!q}
 o - 4 potions of curing
 z - a potion of brilliance {!q}
 E - a potion of haste {!q}
Books
 b - a Young Poisoner's Handbook
 O - a book of Burglary
Miscellaneous
 v - a fan of gales
Comestibles
 c - 11 bread rations {!e}
 m - 3 meat rations {!e}
 K - a fruit
 M - a slice of pizza
 N - 7 beef jerkies


   Skills:
 + Level 0.8 Fighting
 - Level 12.0 Maces & Flails
 + Level 2.8 Armour
 - Level 1.7 Dodging
 - Level 1.7 Stealth
 - Level 3.0 Spellcasting
 - Level 10.0 Conjurations
 - Level 4.0 Poison Magic


You had 11 spell levels left.
You knew the following spells:

 Your Spells              Type           Power        Failure   Level  Hunger
a - Sting                 Conj/Pois      ####         1%          1    None
b - Mephitic Cloud        Conj/Pois/Air  ###.....     17%         3    ###....


Dungeon Overview and Level Annotations

Branches:
Dungeon (10/15)            Temple (1/1) D:4             Orc (0/2) D:9
   Lair: D:8-11

Altars:
Ashenzari
Cheibriados
Dithmenos
Elyvilon
Fedhas
Gozag
Hepliaklqana
Kikubaaqudgha
Makhleb
Nemelex Xobeh
Okawaru
Pakellas
Qazlal
Ru
Sif Muna
Trog
Uskayaw
Vehumet
Xom
Yredelemnul
Zin
The Shining One

Shops:
D:7 (

Annotations:
D:3 vpUX: Dr ghost too effing annoying trying to avoid!, WhatIsLove's ghost, amateur DrGl
D:6 orc warr w armour of rPois!


Innate Abilities, Weirdness & Mutations

You have a pair of small antennae on your head.
When hurt, damage is shared between your health and your magic reserves.
You regenerate magic rapidly.
When low on magic, you restore magic in place of health.


Message History

Your magical defenses are stripped away!
Damage: 24 (max 24)
You hit the phantasmal warrior but do no damage.
The phantasmal warrior is lightly damaged.
You hit the phantasmal warrior but do no damage.
There is a sudden explosion of sparks!
The phantasmal warrior is lightly damaged.
The phantasmal warrior hits you.
Damage: 4 (max 24)
You hit the phantasmal warrior but do no damage.
There is a sudden explosion of sparks!
The phantasmal warrior is heavily damaged.
You barely miss the phantasmal warrior.
The phantasmal warrior is heavily damaged.
The phantasmal warrior hits you!!
* * * LOW HITPOINT WARNING * * *
Damage: 15 (max 24)
You hit the phantasmal warrior but do no damage.
The phantasmal warrior is heavily damaged.
You hit the phantasmal warrior.
The phantasmal warrior is severely damaged.
The phantasmal warrior hits you!!
* * * LOW HITPOINT WARNING * * *
Damage: 14 (max 24) Really quaff
q - 2 potions of heal wounds {!q}?
You feel much better.
The phantasmal warrior closely misses you.
Okay, then.
You barely miss the phantasmal warrior.
The phantasmal warrior is heavily damaged.
You hit the phantasmal warrior.
The phantasmal warrior is severely damaged.
The phantasmal warrior closely misses you.
You barely miss the phantasmal warrior.
The phantasmal warrior is severely damaged.
You hit the phantasmal warrior.
The phantasmal warrior is severely damaged.
The phantasmal warrior hits you!!
* * * LOW HITPOINT WARNING * * *
Damage: 23 (max 24) Really quaff
q - a potion of heal wounds {!q}?
You feel much better. The phantasmal warrior hits you!
* * * LOW HITPOINT WARNING * * *
Unknown command.
You whack the phantasmal warrior!
The phantasmal warrior is almost destroyed.
You barely miss the phantasmal warrior.
The phantasmal warrior is almost destroyed.
The phantasmal warrior hits you!!
You die...

.#.#
##+..#####.
#..........
+..........
#..........
#..........
#.......... ..
# #W........(
..#.#@.#######+
#.#.#..#
###......#
#....##.##
###..#..#
#......##
#......#######
#.............
#.............


You could see a phantasmal warrior.

Vanquished Creatures
  Pikel (D:4)
  A troll (D:8)
  A wyvern (D:9)
  A steam dragon (D:8)
  Menkaure (D:5)
  A black bear (D:6)
  2 sky beasts
  3 ogres
  6 centaurs
  4 giant frogs
  4 big kobolds
  A scorpion (D:9)
  A water moccasin skeleton (D:9)
  3 wights
  2 howler monkeys
  A crimson imp (D:8)
  A centaur zombie (D:10)
  A giant frog zombie (D:5)
  A jelly (D:5)
  2 centaur skeletons (D:4)
  A gnoll shaman (D:4)
  6 orc priests
  Crazy Yiuf (D:5)
  2 hounds
  6 worker ants
  2 iguanas
  7 orc wizards
  A killer bee zombie (D:8)
  2 hound zombies
  A worker ant zombie (D:5)
  10 gnolls
  13 adders
  A river rat (D:3)
  2 oozes
  4 adder skeletons
  3 worms
  5 dart slugs
  11 giant geckos
  15 orcs
  13 bats
  5 giant cockroaches
  4 hobgoblins
  8 jackals
  27 kobolds
  4 quokkas
  A ball python zombie (D:5)
  12 giant newts
  20 goblins
  A jackal skeleton (D:5)
  A quokka skeleton (D:5)
  A quokka zombie (D:9)
  14 rats
242 creatures vanquished.

Vanquished Creatures (others)
  Sigmund (D:4)
  2 slaves (D:4)
  A hound (D:4)
  A gnoll (D:4)
  An ooze (D:4)
  A giant gecko (D:4)
  An orc (D:4)
8 creatures vanquished.

Grand Total: 250 creatures vanquished

Notes
Turn   | Place    | Note
-------+----------+-------------------------------------------
     0 | D:1      | Gorice the Demonspawn Venom Mage began the quest for the Orb.
     0 | D:1      | Reached XP level 1. HP: 13/13 MP: 3/3
    58 | D:1      | Reached skill level 1 in Conjurations
    71 | D:1      | HP: 3/13 [jackal (1)]
   373 | D:1      | Gained mutation: You have a pair of small antennae on your head. [demonic ancestry]
   373 | D:1      | Reached XP level 2. HP: 8/19 MP: 0/5
   579 | D:1      | Reached skill level 2 in Conjurations
   830 | D:1      | Gained mutation: When hurt, damage is shared between your health and your magic reserves. [demonic ancestry]
   830 | D:1      | Reached XP level 3. HP: 20/24 MP: 1/6
  1297 | D:2      | Reached skill level 3 in Conjurations
  1679 | D:2      | Reached XP level 4. HP: 22/30 MP: 0/7
  1695 | D:2      | HP: 9/30 [poisoned by an adder]
  1929 | D:2      | Reached skill level 4 in Conjurations
  2139 | D:2      | Found a deep blue altar of Sif Muna.
  2145 | D:2      | Became a worshipper of Sif Muna the Loreminder
  2855 | D:3      | Reached XP level 5. HP: 26/35 MP: 4/8
  2885 | D:3      | Noticed WhatIsLove's ghost (amateur DrGl)
  3180 | D:3      | Noticed an air elemental
  3182 | D:3      | Found a stormy altar of Qazlal.
  3186 | D:3      | Noticed a fire elemental
  3195 | D:3      | HP: 10/35 [poisoned by an adder]
  3199 | D:3      | HP: 4/35 [poisoned by an adder]
  3202 | D:3      | HP: 1/52 [hobgoblin (2)]
  3490 | D:3      | Reached skill level 3 in Spellcasting
  3654 | D:3      | Reached skill level 5 in Conjurations
  3811 | D:3      | Reached XP level 6. HP: 26/41 MP: 2/10
  4338 | D:3      | Noticed a water elemental
  4577 | D:4      | Reached * piety under Sif Muna
  4617 | D:4      | Noticed Pikel
  4617 | D:4      | Noticed a slave
  4617 | D:4      | Noticed a slave
  4618 | D:4      | Noticed a slave
  4620 | D:4      | Noticed a slave
  4676 | D:3      | Learned a level 3 spell: Mephitic Cloud
  4778 | D:4      | Killed Pikel
  4778 | D:4      | Reached skill level 7 in Conjurations
  4778 | D:4      | Gained mutation: You regenerate magic rapidly. [demonic ancestry]
  4778 | D:4      | Reached XP level 7. HP: 46/46 MP: 2/11
  4782 | D:4      | --Nice Pikey, whip of elect!
  4838 | D:4      | Reached skill level 8 in Conjurations
  4886 | D:4      | Noticed Sigmund
  4916 | D:4      | Killed Sigmund
  5084 | D:4      | Found a staircase to the Ecumenical Temple.
  5091 | Temple   | Entered the Ecumenical Temple
  5231 | D:4      | Found an ancient bone altar of Kikubaaqudgha.
  5471 | D:5      | Entered Level 5 of the Dungeon
  5632 | D:5      | Reached ** piety under Sif Muna
  5703 | D:5      | Reached skill level 9 in Conjurations
  5703 | D:5      | Gained mutation: When low on magic, you restore magic in place of health. [demonic ancestry]
  5703 | D:5      | Reached XP level 8. HP: 42/52 MP: 10/12
  5938 | D:5      | Found a runed door.
  5942 | D:5      | Noticed Crazy Yiuf
  5946 | D:5      | Killed Crazy Yiuf
  6316 | D:5      | HP: 15/52 [wight/trident (3)]
  6435 | D:5      | Reached skill level 10 in Conjurations
  6455 | D:5      | Reached skill level 1 in Maces & Flails
  6521 | D:6      | Reached skill level 10 in Maces & Flails
  6521 | D:6      | Reached XP level 9. HP: 57/57 MP: 13/13
  6690 | D:6      | Reached skill level 11 in Maces & Flails
  6817 | D:5      | Noticed Menkaure
  6928 | D:6      | Found a blossoming altar of Fedhas.
  7097 | D:6      | Found a sacrificial altar of Ru.
  7107 | D:6      | Found a basalt altar of Yredelemnul.
  7114 | D:6      | Found a shattered altar of Ashenzari.
  7123 | D:6      | Found a hazy altar of Hepliaklqana.
  7431 | D:5      | Killed Menkaure
  7604 | D:7      | Found Muamin's Antique Weapon Shop.
  7607 | D:7      | Bought a jewelled flail for 161 gold pieces
  7607 | D:7      | Identified the +4 flail of the Snake Pit {crush, rC- Dex+2 Stlth+} (You bought it in a shop on level 7 of the Dungeon)
  7844 | D:6      | HP: 14/57 [orc warrior/short sword (9)]
  7853 | D:6      | HP: 11/57 [orc/hand axe (2)]
  7952 | D:6      | HP: 6/57 [orc warrior/short sword (13)]
  7956 | D:6      | HP: 1/57 [orc warrior/short sword (12)]
  8230 | D:7      | Reached XP level 10. HP: 42/63 MP: 10/14
  8395 | D:7      | Found a snail-covered altar of Cheibriados.
  8749 | D:8      | Reached skill level 1 in Armour
  8840 | D:8      | Found a burning altar of Makhleb.
  9073 | D:8      | Reached *** piety under Sif Muna
  9110 | D:8      | Found a hide-covered altar of Uskayaw.
  9200 | D:8      | Found an opulent altar of Gozag.
  9334 | D:8      | Found a white marble altar of Elyvilon.
  9526 | D:8      | Reached skill level 2 in Armour
  9618 | D:9      | Found a staircase to the Orcish Mines.
  9987 | D:9      | Reached skill level 12 in Maces & Flails
 10366 | D:10     | Entered Level 10 of the Dungeon
 10394 | D:10     | Noticed a phantasmal warrior
 10403 | D:10     | HP: 19/64 [phantasmal warrior[a death knight] (15)]
 10405 | D:10     | HP: 5/64 [phantasmal warrior[a death knight] (15)]
 10410 | D:10     | HP: 1/64 [phantasmal warrior[a death knight] (23)]
 10413 | D:10     | Mangled by a phantasmal warrior

Vault maps used:
D:1:      co_arrival_square_in_a_square_in_a_square
D:2:      kennysheep_the_goblin_king, led_sif_pool, first_bread, minmay_ruptured
D:3:      nicolae_qazlal_style_of_elements, serial_co_window_serial,
          co_window_paths_b, co_window_of_opportunity_a, co_window_paths_b,
          co_window_corner_a, co_window_paths_b, co_window_paths_c,
          co_window_corner_cb, co_window_corner_b, co_window_of_opportunity_b,
          co_window_2corner, co_window_2corner, glass_columns_a,
          glass_columns_a, gup_sewer_entry_spiral, minmay_lizard_king
D:4:      lemuel_crystal_altar, uniq_pikel, uniq_sigmund
D:5:      kennysheep_spiral_hall, st_stairs_4, uniq_menkaure,
          uniq_crazy_yiuf_cottage
D:6:      lemuel_round_altar, grunt_temple_overflow_cloverleaf, moated_statue
D:7:      general_overflow_altar, serial_shops, kennysheep_mini
D:8:      marbit_many_paths, lemuel_doored_altar, makhleb_heckhound_becter,
          nicolae_gozag_cash_rules_everything_around_me
D:9:      orc_0_dummy, grunt_ogre_cave
D:10:     serial_aquarium, aquarium_bridge_square, aquarium_bridge_island_small,
          aquarium_window_1, aquarium_window_corridor_2, aquarium_window_fake,
          aquarium_view_2d, hangedman_misty_isle, uniq_erolcha
Temple:   nicolae_temple_figure_zero

Skill      XL: |  1  2  3  4  5  6  7  8  9 10 |
---------------+-------------------------------+-----
Conjurations   | 1 2 3 4 5 7 9 10 | 10.0
Spellcasting   | 3 |  3.0
Maces & Flails | 10 11 12 | 12.0
Armour         | 2 |  2.8
Fighting       | |  0.8
Dodging        | |  1.7
Stealth        | |  1.7
Poison Magic   | |  4.0

Action                   |  1- 3 |  4- 6 |  7- 9 | 10-12 || total
-------------------------+-------+-------+-------+-------++-------
Melee: Unarmed           |    80 |     7 |       |       ||    87
       Rapier            |       |    68 |       |       ||    68
       Flail             |       |     9 |    15 |       ||    24
       Whip              |       |       |   151 |   165 ||   316
Throw: Javelin           |     1 |     1 |     3 |       ||     5
 Cast: Sting             |    71 |   134 |   118 |    89 ||   412
       Mephitic Cloud    |       |     2 |     4 |     4 ||    10
  Use: Scroll            |     2 |     6 |     6 |     7 ||    21
       Potion            |       |     2 |     3 |     2 ||     7
 Stab: Confused          |       |     1 |       |     2 ||     3
       Sleeping          |       |       |     3 |       ||     3
       Distracted        |       |       |     1 |       ||     1
  Eat: Chunk             |     4 |    10 |    10 |     8 ||    32
       Beef jerky        |       |       |     1 |       ||     1
Armor: Robe              |    29 |    28 |    33 |     4 ||    94
       Skin              |       |     1 |       |       ||     1
       Ring mail         |       |       |       |    35 ||    35
Dodge: Dodged            |    70 |    79 |   119 |    81 ||   349

Table legend:
 A = Turns spent in this place as a percentage of turns spent in the entire game.
 B = Non-inter-level travel turns spent in this place as a percentage of non-inter-level travel turns spent in the entire game.
 C = Inter-level travel turns spent in this place as a percentage of turns spent in this place.
 D = Turns resting spent in this place as a percentage of non-inter-level travel turns spent in this place.
 E = Turns spent auto-exploring this place as a percentage of non-inter-level travel turns spent in this place.
 F = Non-inter-level travel turns spent in this place divided by the number of levels of this place that you've seen.
                   A       B       C       D       E      F
               +-------+-------+-------+-------+-------+----------------------
         Total | 100.0 | 100.0 |   0.8 |   2.9 |   5.7 | 363.9
       Dungeon |  99.7 |  99.8 |   0.7 |   2.9 |   5.5 | 399.3
        Temple |   0.3 |   0.2 |   9.1 |   0.0 |  90.0 |  10.0
               +-------+-------+-------+-------+-------+----------------------

Vault maps used:
D:1:      co_arrival_square_in_a_square_in_a_square
D:2:      kennysheep_the_goblin_king, led_sif_pool, first_bread, minmay_ruptured
D:3:      nicolae_qazlal_style_of_elements, serial_co_window_serial,
          co_window_paths_b, co_window_of_opportunity_a, co_window_paths_b,
          co_window_corner_a, co_window_paths_b, co_window_paths_c,
          co_window_corner_cb, co_window_corner_b, co_window_of_opportunity_b,
          co_window_2corner, co_window_2corner, glass_columns_a,
          glass_columns_a, gup_sewer_entry_spiral, minmay_lizard_king
D:4:      lemuel_crystal_altar, uniq_pikel, uniq_sigmund
D:5:      kennysheep_spiral_hall, st_stairs_4, uniq_menkaure,
          uniq_crazy_yiuf_cottage
D:6:      lemuel_round_altar, grunt_temple_overflow_cloverleaf, moated_statue
D:7:      general_overflow_altar, serial_shops, kennysheep_mini
D:8:      marbit_many_paths, lemuel_doored_altar, makhleb_heckhound_becter,
          nicolae_gozag_cash_rules_everything_around_me
D:9:      orc_0_dummy, grunt_ogre_cave
D:10:     serial_aquarium, aquarium_bridge_square, aquarium_bridge_island_small,
          aquarium_window_1, aquarium_window_corridor_2, aquarium_window_fake,
          aquarium_view_2d, hangedman_misty_isle, uniq_erolcha
Temple:   nicolae_temple_figure_zero
